 Dungeon Crawl Stone Soup version 0.29-a0-360-g8ed1089bbe (webtiles) character file.

Game seed: 14646064408274625192

65 chopper the Covered (level 3, -4/33 HPs)
             Began as a Minotaur Fighter on Apr 29, 2022.
             Slain by a hobgoblin (6 damage)
             ... led by Robin
             ... on level 3 of the Dungeon.
             The game lasted 00:06:18 (1366 turns).

chopper the Covered (Minotaur Fighter)              Turns: 1366, Time: 00:06:19

Health: -4/33      AC:  8    Str: 20    XL:     3   Next: 92%
Magic:  2/2        EV:  9    Int:  5    God:
Gold:   0          SH:  5    Dex: 17    Spells: 2/2 levels left

rFire   . . .      SeeInvis .   a - +0 war axe
rCold   . . .      Faith    .   c - +0 buckler
rNeg    . . .      Spirit   .   b - +0 scale mail
rPois   .          Reflect  .   (helmet restricted)
rElec   .          Harm     .   (no cloak)
rCorr   .          Rampage  .   j - +0 pair of gloves
Will    .....                   (no boots)
Stlth   ..........              (no amulet)
HPRegen 0.11/turn               h - +6 ring of dexterity
MPRegen 0.08/turn               (no ring)

@: no status effects
A: horns 2, retaliatory headbutt
a: no special abilities


You were on level 3 of the Dungeon.
You visited 1 branch of the dungeon, and saw 3 of its levels.

Inventory:

Hand Weapons
 a - a +0 war axe (weapon)
Armour
 b - a +0 scale mail (worn)
 c - a +0 buckler (worn)
 j - a +0 pair of gloves (worn)
Jewellery
 h - a +6 ring of dexterity (left hand)
Scrolls
 f - 2 scrolls of identify {unknown}
 g - a scroll of teleportation {unknown}
 k - 2 scrolls of noise {unknown}
Potions
 d - a potion of might
 e - a potion of haste {unknown}
 i - a potion of attraction {unknown}
 l - a potion of mutation {unknown}
 m - a potion of invisibility {unknown}
 n - 2 potions of curing {unknown}


   Skills:
 + Level 3.9 Fighting
 + Level 3.6 Axes
 + Level 4.5 Armour
 + Level 0.2 Dodging
 + Level 4.1 Shields


You had 2 spell levels left.
You didn't know any spells.
Your spell library was empty.

Dungeon Overview and Level Annotations

Branches:
Dungeon (3/15)

Altars:

Annotations:
D:1 1 transporter
D:2 Robin


Innate Abilities, Weirdness & Mutations

You have a pair of horns on your head.
You reflexively headbutt those who attack you in melee.


Message History

You kill the goblin!
You slash the goblin!
You kill the goblin!
Robin of the Strong Arm comes into view.
They are wielding a +2 spear of flaming.
The goblin hits you but does no damage. Robin throws the goblin at you!
You hit the goblin.
You kill the goblin!
You hit the goblin. The goblin hits you with a +0 dagger.
You barely miss the goblin. You hit the goblin.
You kill the goblin!
Robin roars a battlecry!
The goblins go into a battle-frenzy!
The goblin hits you but does no damage.
You are electrocuted!
You hit the goblin.
You kill the goblin!
The goblin hits you with a +0 club.
Robin says, "Duck!"
The goblin attacks as you move away! The goblin barely misses you.
You furiously retaliate!
You headbutt the goblin.
You kill the goblin!
Things that are here:
a +0 dagger; a goblin corpse The hobgoblin closely misses you.
Robin hits you from afar with a +2 spear of flaming.
* * * LOW HITPOINT WARNING * * *
Robin burns you.
* * * LOW HITPOINT WARNING * * *
Robin hits you from afar with a +2 spear of flaming.
* * * LOW HITPOINT WARNING * * *
Robin burns you.
* * * LOW HITPOINT WARNING * * *
There is a stone staircase leading down here.
The hobgoblin hits you.
* * * LOW HITPOINT WARNING * * *
You block Robin's attack.
You climb downwards.
Found a buckler.
There is a stone staircase leading up here.
You barely miss the hobgoblin. The hobgoblin hits you.
You die...

# .# ### .#
..#..#
#.#####.#..#
#..........#
#@#
........g#
#######..#
...# ...#
#.[.# #...#
....#


You could see a hobgoblin (strong).

Vanquished Creatures
  2 adders (D:2)
  2 dart slugs (D:1)
  3 giant cockroaches (D:1)
  10 goblins (D:2)
  5 hobgoblins (D:2)
  2 jackals (D:1)
  6 kobolds
  A quokka (D:2)
  4 ball pythons (D:1)
  A frilled lizard (D:1)
  3 rats
39 creatures vanquished.

Vanquished Creatures (others)
  2 plants (D:1)
2 creatures vanquished.

Grand Total: 41 creatures vanquished

Notes
Turn   | Place    | Note
-------+----------+-------------------------------------------
     0 | D:1      | chopper the Minotaur Fighter began the quest for the Orb.
     0 | D:1      | Reached XP level 1. HP: 19/19 MP: 0/0
   369 | D:1      | Reached XP level 2. HP: 27/27 MP: 1/1
  1032 | D:2      | Reached XP level 3. HP: 31/33 MP: 2/2
  1354 | D:2      | Noticed Robin
  1366 | D:3      | Slain by a hobgoblin

Illustrated notes

Levels and vault maps discovered:
D:1:      spicycebolla_arrival_teleporter_tutorial, layout_loops_ring,
          serial_forest, infiniplex_forest_pool, infiniplex_forest_straight_4,
          infiniplex_forest_end_1, infiniplex_forest_lined_2,
          infiniplex_forest_clump_curved, infiniplex_forest_lined_4_way,
          infiniplex_forest_end_2
D:2:      layout_loops_cross, basic_altar, uniq_robin
D:3:      cheibrodos_fertilizer, layout_basic, ashenzari_altar_1

Skill      XL: |  1  2 |
---------------+-------+-----
Armour         | 4 |  4.5
Shields        | 4 |  4.1
Axes           | 3 |  3.6
Fighting       | |  3.9
Dodging        | |  0.2

Action                   || total
-------------------------++-------
Melee: War axe           ||    67
       Headbutt          ||    10
Armor: Scale mail        ||    27
Dodge: Dodged            ||    37
Block: Buckler           ||    16

Table legend: (Time is in decaauts)
 A = Elapsed time spent in this place.
 B = Non-inter-level travel time spent in this place.
 C = Inter-level travel time spent in this place.
 D = Time resting spent in this place.
 E = Time spent auto-exploring this place.
 F = Levels seen in this place.
 G = Mean time per level.
                   A        B        C        D        E       F      G
               +--------+--------+--------+--------+--------+-----+--------+
         Total |   1401 |   1401 |      0 |      0 |      0 |   3 |  467.0 |
       Dungeon |   1401 |   1401 |      0 |      0 |      0 |   3 |  467.0 |
               +--------+--------+--------+--------+--------+-----+--------+

Top non-repeatable levels by time:
     D:1: 959 daAuts
     D:2: 441 daAuts
     D:3: 0 daAuts
